 Dungeon Crawl Stone Soup version 0.20-a0-433-g9e36e56 (webtiles) character file.

32 AlphabetPasta the Grave Robber (level 3, -2/16 HPs)
             Began as a Vine Stalker Necromancer on Jan 4, 2017.
             Slain by an adder (5 damage)
             ... on level 1 of the Dungeon.
             The game lasted 00:03:33 (2008 turns).

AlphabetPasta the Grave Robber (VSNe)               Turns: 2008, Time: 00:03:34

Health: -2/16      AC:  2    Str: 10    XL:     3   Next: 27%
Magic:  0/7        EV: 12    Int: 16    God:
Gold:   7          SH:  4    Dex: 14    Spells: 2/7 levels left

rFire  . . .     SeeInvis .     f - +0 hand axe
rCold  . . .     Gourm    .     a - +0 robe
rNeg   . . .     Faith    .     (no shield)
rPois  .         Spirit   +     (no helmet)
rElec  .         Reflect  +     (no cloak)
rCorr  .         Harm     .     (no gloves)
MR     .....                    (no boots)
Stlth  ++........               c - +4 amulet of reflection
                                (no ring)
                                (no ring)

@: no status effects
A: fangs 2, magic shield, antimagic bite, no potion heal 3, rot immunity
a: no special abilities


You were on level 1 of the Dungeon.
You were not hungry.

You visited 1 branch of the dungeon, and saw 1 of its levels.

You collected 7 gold pieces.

Inventory:

Hand Weapons
 f - a +0 hand axe (weapon)
Armour
 a - a +0 robe (worn)
Jewellery
 c - a +4 amulet of reflection (around neck)
Scrolls
 d - a scroll of fog {unknown}
 h - a scroll of fear {unknown}
 i - a scroll of teleportation {unknown}
Potions
 e - 2 potions of curing {unknown}
Books
 b - a book of Necromancy

   Spells                             Type                      Level
   a - Pain                           Necromancy                   1
   b - Animate Skeleton               Necromancy                   1
   c - Vampiric Draining              Necromancy                   3
   d - Regeneration                   Charms/Necromancy            3
   e - Animate Dead                   Necromancy                   4
   f - Control Undead                 Necromancy                   4


   Skills:
 + Level 1.7 Dodging
 - Level 2.4 Stealth
 + Level 2.5 Spellcasting
 * Level 4.7 Necromancy


You had 2 spell levels left.
You knew the following spells:

 Your Spells              Type           Power        Failure   Level  Hunger
a - Pain                  Necr           ###.         3%          1    #......
b - Animate Skeleton      Necr           N/A          3%          1    #......
c - Vampiric Draining     Necr           ###.......   12%         3    ###....


Dungeon Overview and Level Annotations

Branches:
Dungeon (1/15)

Altars:


Innate Abilities, Weirdness & Mutations

You have extremely sharp teeth.
When hurt, damage is shared between your health and your magic reserves.
Your bite disrupts and absorbs the magic of your enemies.
Potions cannot restore your health.
You are immune to rotting.


Message History

Aiming: Pain
Press: ? - help, Shift-Dir - straight line, f/p - adder
Aim: an adder (severely wounded, chance to defeat MR: 82%)
The adder barely resists.
The adder misses you.
Casting: Pain
Confirm with . or Enter, or press ? or * to list all spells.
Aiming: Pain
Press: ? - help, Shift-Dir - straight line, f/p - adder
Aim: an adder (severely wounded, chance to defeat MR: 82%)
The adder barely resists.
The adder bites you.
* * * LOW HITPOINT WARNING * * *
The adder barely misses you.
You miss the adder. Your bite misses the adder.
The adder is severely wounded.
The adder closely misses you.
A rat comes into view.
You miss the adder.
The adder is severely wounded.
The adder bites you but does no damage. The adder bites you.
You die...

###.###.# #.# # #.# #.# ###. #.#
#### # #.###.# ##+#...# #.# #...
# #...#.###...## #.# #.##
#####†#.##.....## #.## #.##
........#.......#####..#### #.##
#...#.##............r.....####.##
.......+.........................
#....###........@.###...#.#######
##.#.# ##....>.S#.# #..##.# #
###.# ##....>##.# #...#.# # #.#
##...###.# ###.#.# # #.# ##+##
#.#####.#.# # #.#
#.####.........# # #.#
#.##......##.### #.#
##.##.####.##.# #.#
##...#.####.##.#


You could see an adder and a rat (wandering).

Vanquished Creatures
  2 oozes (D:1)
  3 dart slugs (D:1)
  A leopard gecko (D:1)
  3 giant cockroaches (D:1)
  2 goblins (D:1)
  4 kobolds (D:1)
  A bat (D:1)
16 creatures vanquished.

Notes
Turn   | Place    | Note
-------+----------+-------------------------------------------
     0 | D:1      | AlphabetPasta the Vine Stalker Necromancer began the quest for the Orb.
     0 | D:1      | Reached XP level 1. HP: 9/9 MP: 4/4
   315 | D:1      | Reached XP level 2. HP: 9/13 MP: 1/6
   318 | D:1      | Learned a level 1 spell: Animate Skeleton
  1220 | D:1      | Reached XP level 3. HP: 8/16 MP: 1/7
  1530 | D:1      | Learned a level 3 spell: Vampiric Draining
  2008 | D:1      | Slain by an adder

Vault maps used:
D:1:      dpeg_arrival_solitude

Action                   || total
-------------------------++-------
Melee: Unarmed           ||     5
       Hand axe          ||    16
       Bite              ||     3
 Cast: Pain              ||    37
 Stab: Sleeping          ||     3
  Eat: Bread ration      ||     1
Armor: Robe              ||     3
Dodge: Dodged            ||    19
Block: Other             ||     1
